Workbook

Sheet Copropietarios
A1: nombre | B1: telefono | C1: email | D1: saldo | E1: estatus | F1: unidad | G1: cedula_o_nit
A2: Martha Lucía Ortiz | B2: +57 300 214 5566 | C2: martha.ortiz@ejemplo.com | D2: =IF(A2="","",'Cuotas 2026'!V3) | E2: =IF(A2="","",IF('Cuotas 2026'!V3>0,"vencido","activo")) | F2: Apto 101 | G2: C.C. 41.765.230
A3: Andrés Felipe Cárdenas | B3: +57 311 482 9031 | C3: andres.cardenas@ejemplo.com | D3: =IF(A3="","",'Cuotas 2026'!V4) | E3: =IF(A3="","",IF('Cuotas 2026'!V4>0,"vencido","activo")) | F3: Apto 102 | G3: C.C. 80.123.456
A4: Carolina Vélez Uribe | B4: +57 315 908 1122 | D4: =IF(A4="","",'Cuotas 2026'!V5) | E4: =IF(A4="","",IF('Cuotas 2026'!V5>0,"vencido","activo")) | F4: Apto 201 | G4: C.C. 52.987.123
A5: Jorge Iván Mejía | B5: +57 320 377 4410 | C5: jorge.mejia@ejemplo.com | D5: =IF(A5="","",'Cuotas 2026'!V6) | E5: =IF(A5="","",IF('Cuotas 2026'!V6>0,"vencido","activo")) | F5: Apto 202 | G5: C.C. 79.456.789
A6: Inversiones Duarte S.A.S. | B6: +57 601 638 2040 | C6: contabilidad@ejemplo.com | D6: =IF(A6="","",'Cuotas 2026'!V7) | E6: =IF(A6="","",IF('Cuotas 2026'!V7>0,"vencido","activo")) | F6: Apto 301 | G6: NIT 901.345.678-2
A7: Sandra Patricia Rojas | B7: +57 318 560 7788 | C7: sandra.rojas@ejemplo.com | D7: =IF(A7="","",'Cuotas 2026'!V8) | E7: =IF(A7="","",IF('Cuotas 2026'!V8>0,"vencido","activo")) | F7: Apto 302 | G7: C.C. 1.032.456.789
A8: Felipe Arango Soto | B8: +57 304 112 6655 | D8: =IF(A8="","",'Cuotas 2026'!V9) | E8: =IF(A8="","",IF('Cuotas 2026'!V9>0,"vencido","activo")) | F8: Apto 401 | G8: C.C. 1.020.765.432
A9: Gloria Inés Herrera | B9: +57 313 745 2299 | C9: gloria.herrera@ejemplo.com | D9: =IF(A9="","",'Cuotas 2026'!V10) | E9: =IF(A9="","",IF('Cuotas 2026'!V10>0,"vencido","activo")) | F9: Apto 402 | G9: C.C. 39.654.321
D10: =IF(A10="","",'Cuotas 2026'!V11) | E10: =IF(A10="","",IF('Cuotas 2026'!V11>0,"vencido","activo"))
D11: =IF(A11="","",'Cuotas 2026'!V12) | E11: =IF(A11="","",IF('Cuotas 2026'!V12>0,"vencido","activo"))
D12: =IF(A12="","",'Cuotas 2026'!V13) | E12: =IF(A12="","",IF('Cuotas 2026'!V13>0,"vencido","activo"))
D13: =IF(A13="","",'Cuotas 2026'!V14) | E13: =IF(A13="","",IF('Cuotas 2026'!V14>0,"vencido","activo"))
D14: =IF(A14="","",'Cuotas 2026'!V15) | E14: =IF(A14="","",IF('Cuotas 2026'!V15>0,"vencido","activo"))
D15: =IF(A15="","",'Cuotas 2026'!V16) | E15: =IF(A15="","",IF('Cuotas 2026'!V16>0,"vencido","activo"))
D16: =IF(A16="","",'Cuotas 2026'!V17) | E16: =IF(A16="","",IF('Cuotas 2026'!V17>0,"vencido","activo"))
D17: =IF(A17="","",'Cuotas 2026'!V18) | E17: =IF(A17="","",IF('Cuotas 2026'!V18>0,"vencido","activo"))
D18: =IF(A18="","",'Cuotas 2026'!V19) | E18: =IF(A18="","",IF('Cuotas 2026'!V19>0,"vencido","activo"))
D19: =IF(A19="","",'Cuotas 2026'!V20) | E19: =IF(A19="","",IF('Cuotas 2026'!V20>0,"vencido","activo"))
D20: =IF(A20="","",'Cuotas 2026'!V21) | E20: =IF(A20="","",IF('Cuotas 2026'!V21>0,"vencido","activo"))
D21: =IF(A21="","",'Cuotas 2026'!V22) | E21: =IF(A21="","",IF('Cuotas 2026'!V22>0,"vencido","activo"))
... D121: =IF(A121="","",'Cuotas 2026'!V122) | E121: =IF(A121="","",IF('Cuotas 2026'!V122>0,"vencido","activo"))

Sheet Cuotas 2026
A1: unidad | B1: propietario | C1: coeficiente | D1: cuota_mensual | E1: ene | F1: feb | G1: mar | H1: abr | I1: may | J1: jun | K1: jul | L1: ago | M1: sep | N1: oct | O1: nov | P1: dic | Q1: debido_a_la_fecha | R1: pagado | S1: saldo_cuotas | T1: meses_en_mora | U1: intereses_de_mora | V1: total_a_cobrar
A2: Vence | E2: =DATE(Ajustes!$B$2,1,Ajustes!$B$3) | F2: =DATE(Ajustes!$B$2,2,Ajustes!$B$3) | G2: =DATE(Ajustes!$B$2,3,Ajustes!$B$3) | H2: =DATE(Ajustes!$B$2,4,Ajustes!$B$3) | I2: =DATE(Ajustes!$B$2,5,Ajustes!$B$3) | J2: =DATE(Ajustes!$B$2,6,Ajustes!$B$3) | K2: =DATE(Ajustes!$B$2,7,Ajustes!$B$3) | L2: =DATE(Ajustes!$B$2,8,Ajustes!$B$3) | M2: =DATE(Ajustes!$B$2,9,Ajustes!$B$3) | N2: =DATE(Ajustes!$B$2,10,Ajustes!$B$3) | O2: =DATE(Ajustes!$B$2,11,Ajustes!$B$3) | P2: =DATE(Ajustes!$B$2,12,Ajustes!$B$3)
A3: =IF(Copropietarios!F2="","",Copropietarios!F2) | B3: =IF(Copropietarios!A2="","",Copropietarios!A2) | C3: 0.145 | D3: =IF(C3="","",ROUND(Ajustes!$B$4*C3/12,-2)) | E3: 522000 | F3: 522000 | G3: 522000 | H3: 522000 | I3: 522000 | J3: 522000 | K3: 522000 | L3: 522000 | M3: 522000 | N3: 522000 | Q3: =IF(C3="","",D3*SUMPRODUCT(($E$2:$P$2-Ajustes!$B$3+1<=Ajustes!$B$1)*1)) | R3: =IF(C3="","",SUM(E3:P3)) | S3: =IF(C3="","",MAX(0,Q3-R3)) | T3: =IF(C3="","",SUMPRODUCT(($E$2:$P$2<Ajustes!$B$1)*(E3:P3<D3))) | U3: =IF(C3="","",ROUND(SUMPRODUCT(($E$2:$P$2<Ajustes!$B$1)*(E3:P3<D3)*(D3-E3:P3)*(Ajustes!$B$1-$E$2:$P$2))*Ajustes!$B$5/30,0)) | V3: =IF(C3="","",S3+U3)
A4: =IF(Copropietarios!F3="","",Copropietarios!F3) | B4: =IF(Copropietarios!A3="","",Copropietarios!A3) | C4: 0.12 | D4: =IF(C4="","",ROUND(Ajustes!$B$4*C4/12,-2)) | E4: 432000 | F4: 432000 | G4: 432000 | H4: 432000 | I4: 432000 | J4: 432000 | K4: 432000 | Q4: =IF(C4="","",D4*SUMPRODUCT(($E$2:$P$2-Ajustes!$B$3+1<=Ajustes!$B$1)*1)) | R4: =IF(C4="","",SUM(E4:P4)) | S4: =IF(C4="","",MAX(0,Q4-R4)) | T4: =IF(C4="","",SUMPRODUCT(($E$2:$P$2<Ajustes!$B$1)*(E4:P4<D4))) | U4: =IF(C4="","",ROUND(SUMPRODUCT(($E$2:$P$2<Ajustes!$B$1)*(E4:P4<D4)*(D4-E4:P4)*(Ajustes!$B$1-$E$2:$P$2))*Ajustes!$B$5/30,0)) | V4: =IF(C4="","",S4+U4)
A5: =IF(Copropietarios!F4="","",Copropietarios!F4) | B5: =IF(Copropietarios!A4="","",Copropietarios!A4) | C5: 0.12 | D5: =IF(C5="","",ROUND(Ajustes!$B$4*C5/12,-2)) | E5: 432000 | F5: 432000 | G5: 432000 | H5: 432000 | I5: 432000 | J5: 432000 | K5: 432000 | L5: 432000 | M5: 432000 | Q5: =IF(C5="","",D5*SUMPRODUCT(($E$2:$P$2-Ajustes!$B$3+1<=Ajustes!$B$1)*1)) | R5: =IF(C5="","",SUM(E5:P5)) | S5: =IF(C5="","",MAX(0,Q5-R5)) | T5: =IF(C5="","",SUMPRODUCT(($E$2:$P$2<Ajustes!$B$1)*(E5:P5<D5))) | U5: =IF(C5="","",ROUND(SUMPRODUCT(($E$2:$P$2<Ajustes!$B$1)*(E5:P5<D5)*(D5-E5:P5)*(Ajustes!$B$1-$E$2:$P$2))*Ajustes!$B$5/30,0)) | V5: =IF(C5="","",S5+U5)
A6: =IF(Copropietarios!F5="","",Copropietarios!F5) | B6: =IF(Copropietarios!A5="","",Copropietarios!A5) | C6: 0.12 | D6: =IF(C6="","",ROUND(Ajustes!$B$4*C6/12,-2)) | E6: 432000 | F6: 432000 | G6: 432000 | H6: 432000 | I6: 432000 | J6: 432000 | K6: 432000 | L6: 432000 | M6: 432000 | N6: 432000 | Q6: =IF(C6="","",D6*SUMPRODUCT(($E$2:$P$2-Ajustes!$B$3+1<=Ajustes!$B$1)*1)) | R6: =IF(C6="","",SUM(E6:P6)) | S6: =IF(C6="","",MAX(0,Q6-R6)) | T6: =IF(C6="","",SUMPRODUCT(($E$2:$P$2<Ajustes!$B$1)*(E6:P6<D6))) | U6: =IF(C6="","",ROUND(SUMPRODUCT(($E$2:$P$2<Ajustes!$B$1)*(E6:P6<D6)*(D6-E6:P6)*(Ajustes!$B$1-$E$2:$P$2))*Ajustes!$B$5/30,0)) | V6: =IF(C6="","",S6+U6)
A7: =IF(Copropietarios!F6="","",Copropietarios!F6) | B7: =IF(Copropietarios!A6="","",Copropietarios!A6) | C7: 0.12 | D7: =IF(C7="","",ROUND(Ajustes!$B$4*C7/12,-2)) | E7: 432000 | F7: 432000 | G7: 432000 | H7: 432000 | I7: 432000 | J7: 432000 | K7: 200000 | Q7: =IF(C7="","",D7*SUMPRODUCT(($E$2:$P$2-Ajustes!$B$3+1<=Ajustes!$B$1)*1)) | R7: =IF(C7="","",SUM(E7:P7)) | S7: =IF(C7="","",MAX(0,Q7-R7)) | T7: =IF(C7="","",SUMPRODUCT(($E$2:$P$2<Ajustes!$B$1)*(E7:P7<D7))) | U7: =IF(C7="","",ROUND(SUMPRODUCT(($E$2:$P$2<Ajustes!$B$1)*(E7:P7<D7)*(D7-E7:P7)*(Ajustes!$B$1-$E$2:$P$2))*Ajustes!$B$5/30,0)) | V7: =IF(C7="","",S7+U7)
A8: =IF(Copropietarios!F7="","",Copropietarios!F7) | B8: =IF(Copropietarios!A7="","",Copropietarios!A7) | C8: 0.125 | D8: =IF(C8="","",ROUND(Ajustes!$B$4*C8/12,-2)) | E8: 450000 | F8: 450000 | G8: 450000 | H8: 450000 | I8: 450000 | J8: 450000 | K8: 450000 | L8: 450000 | M8: 450000 | N8: 450000 | Q8: =IF(C8="","",D8*SUMPRODUCT(($E$2:$P$2-Ajustes!$B$3+1<=Ajustes!$B$1)*1)) | R8: =IF(C8="","",SUM(E8:P8)) | S8: =IF(C8="","",MAX(0,Q8-R8)) | T8: =IF(C8="","",SUMPRODUCT(($E$2:$P$2<Ajustes!$B$1)*(E8:P8<D8))) | U8: =IF(C8="","",ROUND(SUMPRODUCT(($E$2:$P$2<Ajustes!$B$1)*(E8:P8<D8)*(D8-E8:P8)*(Ajustes!$B$1-$E$2:$P$2))*Ajustes!$B$5/30,0)) | V8: =IF(C8="","",S8+U8)
A9: =IF(Copropietarios!F8="","",Copropietarios!F8) | B9: =IF(Copropietarios!A8="","",Copropietarios!A8) | C9: 0.125 | D9: =IF(C9="","",ROUND(Ajustes!$B$4*C9/12,-2)) | E9: 450000 | F9: 450000 | G9: 450000 | H9: 450000 | I9: 450000 | J9: 450000 | K9: 450000 | L9: 450000 | M9: 450000 | Q9: =IF(C9="","",D9*SUMPRODUCT(($E$2:$P$2-Ajustes!$B$3+1<=Ajustes!$B$1)*1)) | R9: =IF(C9="","",SUM(E9:P9)) | S9: =IF(C9="","",MAX(0,Q9-R9)) | T9: =IF(C9="","",SUMPRODUCT(($E$2:$P$2<Ajustes!$B$1)*(E9:P9<D9))) | U9: =IF(C9="","",ROUND(SUMPRODUCT(($E$2:$P$2<Ajustes!$B$1)*(E9:P9<D9)*(D9-E9:P9)*(Ajustes!$B$1-$E$2:$P$2))*Ajustes!$B$5/30,0)) | V9: =IF(C9="","",S9+U9)
A10: =IF(Copropietarios!F9="","",Copropietarios!F9) | B10: =IF(Copropietarios!A9="","",Copropietarios!A9) | C10: 0.125 | D10: =IF(C10="","",ROUND(Ajustes!$B$4*C10/12,-2)) | E10: 450000 | F10: 450000 | G10: 450000 | H10: 450000 | I10: 450000 | J10: 450000 | K10: 450000 | L10: 450000 | M10: 450000 | N10: 450000 | Q10: =IF(C10="","",D10*SUMPRODUCT(($E$2:$P$2-Ajustes!$B$3+1<=Ajustes!$B$1)*1)) | R10: =IF(C10="","",SUM(E10:P10)) | S10: =IF(C10="","",MAX(0,Q10-R10)) | T10: =IF(C10="","",SUMPRODUCT(($E$2:$P$2<Ajustes!$B$1)*(E10:P10<D10))) | U10: =IF(C10="","",ROUND(SUMPRODUCT(($E$2:$P$2<Ajustes!$B$1)*(E10:P10<D10)*(D10-E10:P10)*(Ajustes!$B$1-$E$2:$P$2))*Ajustes!$B$5/30,0)) | V10: =IF(C10="","",S10+U10)
A11: =IF(Copropietarios!F10="","",Copropietarios!F10) | B11: =IF(Copropietarios!A10="","",Copropietarios!A10) | D11: =IF(C11="","",ROUND(Ajustes!$B$4*C11/12,-2)) | Q11: =IF(C11="","",D11*SUMPRODUCT(($E$2:$P$2-Ajustes!$B$3+1<=Ajustes!$B$1)*1)) | R11: =IF(C11="","",SUM(E11:P11)) | S11: =IF(C11="","",MAX(0,Q11-R11)) | T11: =IF(C11="","",SUMPRODUCT(($E$2:$P$2<Ajustes!$B$1)*(E11:P11<D11))) | U11: =IF(C11="","",ROUND(SUMPRODUCT(($E$2:$P$2<Ajustes!$B$1)*(E11:P11<D11)*(D11-E11:P11)*(Ajustes!$B$1-$E$2:$P$2))*Ajustes!$B$5/30,0)) | V11: =IF(C11="","",S11+U11)
A12: =IF(Copropietarios!F11="","",Copropietarios!F11) | B12: =IF(Copropietarios!A11="","",Copropietarios!A11) | D12: =IF(C12="","",ROUND(Ajustes!$B$4*C12/12,-2)) | Q12: =IF(C12="","",D12*SUMPRODUCT(($E$2:$P$2-Ajustes!$B$3+1<=Ajustes!$B$1)*1)) | R12: =IF(C12="","",SUM(E12:P12)) | S12: =IF(C12="","",MAX(0,Q12-R12)) | T12: =IF(C12="","",SUMPRODUCT(($E$2:$P$2<Ajustes!$B$1)*(E12:P12<D12))) | U12: =IF(C12="","",ROUND(SUMPRODUCT(($E$2:$P$2<Ajustes!$B$1)*(E12:P12<D12)*(D12-E12:P12)*(Ajustes!$B$1-$E$2:$P$2))*Ajustes!$B$5/30,0)) | V12: =IF(C12="","",S12+U12)
A13: =IF(Copropietarios!F12="","",Copropietarios!F12) | B13: =IF(Copropietarios!A12="","",Copropietarios!A12) | D13: =IF(C13="","",ROUND(Ajustes!$B$4*C13/12,-2)) | Q13: =IF(C13="","",D13*SUMPRODUCT(($E$2:$P$2-Ajustes!$B$3+1<=Ajustes!$B$1)*1)) | R13: =IF(C13="","",SUM(E13:P13)) | S13: =IF(C13="","",MAX(0,Q13-R13)) | T13: =IF(C13="","",SUMPRODUCT(($E$2:$P$2<Ajustes!$B$1)*(E13:P13<D13))) | U13: =IF(C13="","",ROUND(SUMPRODUCT(($E$2:$P$2<Ajustes!$B$1)*(E13:P13<D13)*(D13-E13:P13)*(Ajustes!$B$1-$E$2:$P$2))*Ajustes!$B$5/30,0)) | V13: =IF(C13="","",S13+U13)
A14: =IF(Copropietarios!F13="","",Copropietarios!F13) | B14: =IF(Copropietarios!A13="","",Copropietarios!A13) | D14: =IF(C14="","",ROUND(Ajustes!$B$4*C14/12,-2)) | Q14: =IF(C14="","",D14*SUMPRODUCT(($E$2:$P$2-Ajustes!$B$3+1<=Ajustes!$B$1)*1)) | R14: =IF(C14="","",SUM(E14:P14)) | S14: =IF(C14="","",MAX(0,Q14-R14)) | T14: =IF(C14="","",SUMPRODUCT(($E$2:$P$2<Ajustes!$B$1)*(E14:P14<D14))) | U14: =IF(C14="","",ROUND(SUMPRODUCT(($E$2:$P$2<Ajustes!$B$1)*(E14:P14<D14)*(D14-E14:P14)*(Ajustes!$B$1-$E$2:$P$2))*Ajustes!$B$5/30,0)) | V14: =IF(C14="","",S14+U14)
A15: =IF(Copropietarios!F14="","",Copropietarios!F14) | B15: =IF(Copropietarios!A14="","",Copropietarios!A14) | D15: =IF(C15="","",ROUND(Ajustes!$B$4*C15/12,-2)) | Q15: =IF(C15="","",D15*SUMPRODUCT(($E$2:$P$2-Ajustes!$B$3+1<=Ajustes!$B$1)*1)) | R15: =IF(C15="","",SUM(E15:P15)) | S15: =IF(C15="","",MAX(0,Q15-R15)) | T15: =IF(C15="","",SUMPRODUCT(($E$2:$P$2<Ajustes!$B$1)*(E15:P15<D15))) | U15: =IF(C15="","",ROUND(SUMPRODUCT(($E$2:$P$2<Ajustes!$B$1)*(E15:P15<D15)*(D15-E15:P15)*(Ajustes!$B$1-$E$2:$P$2))*Ajustes!$B$5/30,0)) | V15: =IF(C15="","",S15+U15)
A16: =IF(Copropietarios!F15="","",Copropietarios!F15) | B16: =IF(Copropietarios!A15="","",Copropietarios!A15) | D16: =IF(C16="","",ROUND(Ajustes!$B$4*C16/12,-2)) | Q16: =IF(C16="","",D16*SUMPRODUCT(($E$2:$P$2-Ajustes!$B$3+1<=Ajustes!$B$1)*1)) | R16: =IF(C16="","",SUM(E16:P16)) | S16: =IF(C16="","",MAX(0,Q16-R16)) | T16: =IF(C16="","",SUMPRODUCT(($E$2:$P$2<Ajustes!$B$1)*(E16:P16<D16))) | U16: =IF(C16="","",ROUND(SUMPRODUCT(($E$2:$P$2<Ajustes!$B$1)*(E16:P16<D16)*(D16-E16:P16)*(Ajustes!$B$1-$E$2:$P$2))*Ajustes!$B$5/30,0)) | V16: =IF(C16="","",S16+U16)
A17: =IF(Copropietarios!F16="","",Copropietarios!F16) | B17: =IF(Copropietarios!A16="","",Copropietarios!A16) | D17: =IF(C17="","",ROUND(Ajustes!$B$4*C17/12,-2)) | Q17: =IF(C17="","",D17*SUMPRODUCT(($E$2:$P$2-Ajustes!$B$3+1<=Ajustes!$B$1)*1)) | R17: =IF(C17="","",SUM(E17:P17)) | S17: =IF(C17="","",MAX(0,Q17-R17)) | T17: =IF(C17="","",SUMPRODUCT(($E$2:$P$2<Ajustes!$B$1)*(E17:P17<D17))) | U17: =IF(C17="","",ROUND(SUMPRODUCT(($E$2:$P$2<Ajustes!$B$1)*(E17:P17<D17)*(D17-E17:P17)*(Ajustes!$B$1-$E$2:$P$2))*Ajustes!$B$5/30,0)) | V17: =IF(C17="","",S17+U17)
A18: =IF(Copropietarios!F17="","",Copropietarios!F17) | B18: =IF(Copropietarios!A17="","",Copropietarios!A17) | D18: =IF(C18="","",ROUND(Ajustes!$B$4*C18/12,-2)) | Q18: =IF(C18="","",D18*SUMPRODUCT(($E$2:$P$2-Ajustes!$B$3+1<=Ajustes!$B$1)*1)) | R18: =IF(C18="","",SUM(E18:P18)) | S18: =IF(C18="","",MAX(0,Q18-R18)) | T18: =IF(C18="","",SUMPRODUCT(($E$2:$P$2<Ajustes!$B$1)*(E18:P18<D18))) | U18: =IF(C18="","",ROUND(SUMPRODUCT(($E$2:$P$2<Ajustes!$B$1)*(E18:P18<D18)*(D18-E18:P18)*(Ajustes!$B$1-$E$2:$P$2))*Ajustes!$B$5/30,0)) | V18: =IF(C18="","",S18+U18)
A19: =IF(Copropietarios!F18="","",Copropietarios!F18) | B19: =IF(Copropietarios!A18="","",Copropietarios!A18) | D19: =IF(C19="","",ROUND(Ajustes!$B$4*C19/12,-2)) | Q19: =IF(C19="","",D19*SUMPRODUCT(($E$2:$P$2-Ajustes!$B$3+1<=Ajustes!$B$1)*1)) | R19: =IF(C19="","",SUM(E19:P19)) | S19: =IF(C19="","",MAX(0,Q19-R19)) | T19: =IF(C19="","",SUMPRODUCT(($E$2:$P$2<Ajustes!$B$1)*(E19:P19<D19))) | U19: =IF(C19="","",ROUND(SUMPRODUCT(($E$2:$P$2<Ajustes!$B$1)*(E19:P19<D19)*(D19-E19:P19)*(Ajustes!$B$1-$E$2:$P$2))*Ajustes!$B$5/30,0)) | V19: =IF(C19="","",S19+U19)
A20: =IF(Copropietarios!F19="","",Copropietarios!F19) | B20: =IF(Copropietarios!A19="","",Copropietarios!A19) | D20: =IF(C20="","",ROUND(Ajustes!$B$4*C20/12,-2)) | Q20: =IF(C20="","",D20*SUMPRODUCT(($E$2:$P$2-Ajustes!$B$3+1<=Ajustes!$B$1)*1)) | R20: =IF(C20="","",SUM(E20:P20)) | S20: =IF(C20="","",MAX(0,Q20-R20)) | T20: =IF(C20="","",SUMPRODUCT(($E$2:$P$2<Ajustes!$B$1)*(E20:P20<D20))) | U20: =IF(C20="","",ROUND(SUMPRODUCT(($E$2:$P$2<Ajustes!$B$1)*(E20:P20<D20)*(D20-E20:P20)*(Ajustes!$B$1-$E$2:$P$2))*Ajustes!$B$5/30,0)) | V20: =IF(C20="","",S20+U20)
A21: =IF(Copropietarios!F20="","",Copropietarios!F20) | B21: =IF(Copropietarios!A20="","",Copropietarios!A20) | D21: =IF(C21="","",ROUND(Ajustes!$B$4*C21/12,-2)) | Q21: =IF(C21="","",D21*SUMPRODUCT(($E$2:$P$2-Ajustes!$B$3+1<=Ajustes!$B$1)*1)) | R21: =IF(C21="","",SUM(E21:P21)) | S21: =IF(C21="","",MAX(0,Q21-R21)) | T21: =IF(C21="","",SUMPRODUCT(($E$2:$P$2<Ajustes!$B$1)*(E21:P21<D21))) | U21: =IF(C21="","",ROUND(SUMPRODUCT(($E$2:$P$2<Ajustes!$B$1)*(E21:P21<D21)*(D21-E21:P21)*(Ajustes!$B$1-$E$2:$P$2))*Ajustes!$B$5/30,0)) | V21: =IF(C21="","",S21+U21)
A22: =IF(Copropietarios!F21="","",Copropietarios!F21) | B22: =IF(Copropietarios!A21="","",Copropietarios!A21) | D22: =IF(C22="","",ROUND(Ajustes!$B$4*C22/12,-2)) | Q22: =IF(C22="","",D22*SUMPRODUCT(($E$2:$P$2-Ajustes!$B$3+1<=Ajustes!$B$1)*1)) | R22: =IF(C22="","",SUM(E22:P22)) | S22: =IF(C22="","",MAX(0,Q22-R22)) | T22: =IF(C22="","",SUMPRODUCT(($E$2:$P$2<Ajustes!$B$1)*(E22:P22<D22))) | U22: =IF(C22="","",ROUND(SUMPRODUCT(($E$2:$P$2<Ajustes!$B$1)*(E22:P22<D22)*(D22-E22:P22)*(Ajustes!$B$1-$E$2:$P$2))*Ajustes!$B$5/30,0)) | V22: =IF(C22="","",S22+U22)
... A122: =IF(Copropietarios!F121="","",Copropietarios!F121) | B122: =IF(Copropietarios!A121="","",Copropietarios!A121) | D122: =IF(C122="","",ROUND(Ajustes!$B$4*C122/12,-2)) | Q122: =IF(C122="","",D122*SUMPRODUCT(($E$2:$P$2-Ajustes!$B$3+1<=Ajustes!$B$1)*1)) | R122: =IF(C122="","",SUM(E122:P122)) | S122: =IF(C122="","",MAX(0,Q122-R122)) | T122: =IF(C122="","",SUMPRODUCT(($E$2:$P$2<Ajustes!$B$1)*(E122:P122<D122))) | U122: =IF(C122="","",ROUND(SUMPRODUCT(($E$2:$P$2<Ajustes!$B$1)*(E122:P122<D122)*(D122-E122:P122)*(Ajustes!$B$1-$E$2:$P$2))*Ajustes!$B$5/30,0)) | V122: =IF(C122="","",S122+U122)
A123: Totales | C123: =SUM(C3:C122) | D123: =SUM(D3:D122) | E123: =SUM(E3:E122) | F123: =SUM(F3:F122) | G123: =SUM(G3:G122) | H123: =SUM(H3:H122) | I123: =SUM(I3:I122) | J123: =SUM(J3:J122) | ... V123: =SUM(V3:V122)
A124: Los coeficientes deben sumar 100 %. Si no, la suma de las cuotas no cubre el presupuesto.

Sheet Ajustes
A1: Fecha de corte | B1: =TODAY() | C1: Es hoy. Escribe otra fecha para revisar un corte pasado.
A2: Año | B2: 2026 | C2: El año de las doce columnas de meses.
A3: Día límite de pago sin intereses | B3: 10 | C3: Desde el día siguiente la cuota no pagada está en mora.
A4: Presupuesto anual aprobado | B4: 43200000 | C4: El que aprobó la asamblea. Cuota = presupuesto × coeficiente ÷ 12, redondeada a la centena.
A5: Tasa de interés de mora mensual | B5: 0.02 | C5: EJEMPLO, no es una tasa vigente. Reemplázala cada mes con la que resulta del interés bancario corriente certificado por la Superintendencia Financiera (hasta 1,5 veces, art. 30 de la Ley 675 de 2001) o con la tasa menor que aprobó la asamblea, pasada a mensual.

Sheet Cómo se usa
A1: Cómo se usa esta hoja
A3: Para la administración de un edificio o conjunto en propiedad horizontal.
A5: Copropietarios: una fila por unidad, con quien paga. El saldo y el estatus se calculan solos desde
A6: la pestaña de cuotas; esta es la que se guarda como CSV y se sube a Makatea.
A8: Cuotas 2026: el coeficiente de copropiedad de cada unidad (celda gris, sale del reglamento). La cuota
A9: mensual es el presupuesto anual de Ajustes por el coeficiente, dividido entre doce. En cada mes se
A10: escribe lo que la unidad pagó de esa cuota; si pagó la mitad, la mitad.
A12: Debido a la fecha cuenta las cuotas ya causadas a la fecha de corte. Meses en mora cuenta los meses
A13: cuya fecha límite ya pasó y no están pagados completos.
A15: Intereses de mora: por cada mes vencido, lo que falta de la cuota por los días desde la fecha límite
A16: hasta el corte, a la tasa mensual de Ajustes (días ÷ 30). La tasa que trae es un EJEMPLO: se
A17: reemplaza cada mes. El artículo 30 de la Ley 675 de 2001 fija el interés de mora en una y media
... A23: Makatea recuerda, registra y comunica. No mueve dinero.
